 Dungeon Crawl Stone Soup version 0.24-a0-528-g98e85ec62a (console) character file.

Game seed: 8405650785057448404

36 Abuh the Ruffian (level 3, -6/36 HPs)
             Began as a Troll Monk on Aug 5, 2019.
             Killed by divine providence
             ... invoked by an orc priest
              (16 damage)
             ... on level 2 of the Dungeon.
             The game lasted 00:01:34 (600 turns).

Abuh the Ruffian (Troll Monk)                        Turns: 600, Time: 00:01:34

Health: -6/36      AC:  6    Str: 20    XL:     3   Next: 19%
Magic:  2/2        EV: 10    Int:  6    God:
Gold:   12         SH:  0    Dex: 12    Spells: 2/2 levels left

rFire    . . .     SeeInvis .     - Unarmed
rCold    . . .     Gourm    +   (no shield)
rNeg     . . .     Faith    .   a - +0 robe
rPois    .         Spirit   .   (helmet restricted)
rElec    .         Reflect  .   (no cloak)
rCorr    .         Harm     .   (gloves unavailable)
MR       .....                  (boots unavailable)
Stlth    ++........             (no amulet)
HPRegen  0.52/turn              (no ring)
MPRegen  0.08/turn              (no ring)

@: no status effects
A: large, unfitting armour, claws 3, fast metabolism 3, gourmand, regeneration
1, shaggy fur 1, tough skin 3
a: no special abilities


You were on level 2 of the Dungeon.
You were very full.

You visited 1 branch of the dungeon, and saw 2 of its levels.

You collected 12 gold pieces.

Inventory:

Armour
 a - a +0 robe (worn)
Scrolls
 c - a scroll of blinking {unknown}
 g - a scroll of amnesia {unknown}
Potions
 d - a potion of brilliance {unknown}
 e - a potion of flight {unknown}
 f - 2 potions of degeneration {unknown}
Comestibles
 b - 3 rations


   Skills:
 + Level 2.8 Fighting
 - Level 2.4 Dodging
 - Level 1.0 Stealth
 * Level 3.9 Unarmed Combat


You had 2 spell levels left.
You didn't know any spells.
Your spell library was empty.

Dungeon Overview and Level Annotations

Branches:
Dungeon (2/15)

Altars:


Innate Abilities, Weirdness & Mutations

You are too large for most types of armour.
You have claws for hands.
Your metabolism is lightning-fast.
You like to eat raw meat.
Your natural rate of healing is unusually fast.
You are covered in fur. (AC +1)
You have extremely tough skin. (AC +3)


Message History

You are too injured to fight recklessly!
You are too injured to fight recklessly!
You are too injured to fight recklessly!
You are too injured to fight recklessly!
You are too injured to fight recklessly!
You are too injured to fight recklessly!
You are too injured to fight recklessly!
You are too injured to fight recklessly!
You are too injured to fight recklessly!
You are too injured to fight recklessly!
You are too injured to fight recklessly!
You are too injured to fight recklessly!
You are too injured to fight recklessly!
You claw the orc priest!
The orc priest is severely wounded.
A goblin comes into view. It is wielding a +0 club.
The orc closely misses you.
The orc priest mumbles some strange prayers to Beogh against you.
Beogh smites you!
You die...

###........# #....
#..........###.?..
.........#.##.$...
................. .
#........#...#.. ..
####........#>..... ...
#.........#....†#
....##.#.......†.....##
g....#...#.#...#....##
##..#..)....>.#.##..#
#..o@......##.#.###..
#..o.....####.#.# ###
#..#.....# #.#.# #
#..##.#.#.# #.#.# #
####..#.#.# #.... #
###§...# # ##.... ...


You could see an orc priest, an orc and a goblin.

Vanquished Creatures
  An adder (D:2)
  An ooze (D:1)
  A dart slug (D:2)
  A leopard gecko (D:1)
  An orc (D:2)
  3 bats
  2 giant cockroaches (D:1)
  A goblin (D:1)
  A hobgoblin (D:1)
  3 frilled lizards (D:1)
  A kobold (D:1)
  4 rats
20 creatures vanquished.

Notes
Turn   | Place    | Note
-------+----------+-------------------------------------------
     0 | D:1      | Abuh the Troll Monk began the quest for the Orb.
     0 | D:1      | Reached XP level 1. HP: 22/22 MP: 0/0
   118 | D:1      | Reached XP level 2. HP: 27/29 MP: 1/1
   574 | D:2      | Reached XP level 3. HP: 35/36 MP: 2/2
   600 | D:2      | Killed from afar by an orc priest

Levels and vault maps discovered:
D:1:      lightli_arrival_isolated_outpost, layout_loops_cross, st_stairs_14
D:2:      minmay_evil_eye, layout_rooms, first_ration, grunt_ministairs_3,
          chequers_mini_garden

Action                   || total
-------------------------++-------
Melee: Unarmed           ||    59
 Stab: Sleeping          ||     3
  Eat: Chunk             ||     9
Armor: Robe              ||    27
Dodge: Dodged            ||    33

Table legend:
 A = Non-vault XP
 B = Vault XP
 C = Vault XP percentage of total XP
 D = Non-vault monster count
 E = Vault monster count
 F = Vault count percentage of total count
                 A         B        C        D         E       F
            +---------+---------+-------+---------+---------+-------
      Total |      51 |       1 |   1.9 |      19 |       1 |   5.0
            +---------+---------+-------+---------+---------+-------
        D:1 |      28 |       1 |   3.4 |      14 |       1 |   6.7
        D:2 |      23 |       0 |   0.0 |       5 |       0 |   0.0
            +---------+---------+-------+---------+---------+-------
